 Dungeon Crawl Stone Soup version 0.21.1-1-g345015f (webtiles) character file.

3645 Hebeh the Cleaver (level 9, -26/85 HPs)
             Began as a Deep Dwarf Fighter on June 17, 2018.
             Was a Priest of Makhleb.
             Killed from afar by inc's ghost (35 damage)
             ... with a shard of ice
             ... on level 8 of the Dungeon.
             The game lasted 00:36:20 (7222 turns).

Hebeh the Cleaver (Deep Dwarf Fighter)              Turns: 7222, Time: 00:36:20

Health: -26/85     AC: 14    Str: 22    XL:     9   Next: 88%
Magic:  0/0        EV:  5    Int: 10    God:    Makhleb [***...]
Gold:   332        SH: 12    Dex: 12    Spells: 8/8 levels left

rFire    . . .     SeeInvis .   a - +1 war axe
rCold    . . .     Gourm    .   c - +1 shield
rNeg     . . .     Faith    .   E - +0 plate armour
rPois    +         Spirit   .   (no helmet)
rElec    .         Reflect  .   r - scarf {repulsion}
rCorr    .         Harm     .   (no gloves)
MR       +....                  s - +0 pair of boots
Stlth    ..........             (no amulet)
HPRegen  0.00/turn              l - ring of poison resistance
MPRegen  0.07/turn              (no ring)

@: non-regenerating, repel missiles
A: damage resistance, heal wounds, sense surroundings 2, no regeneration
a: Heal Wounds, Minor Destruction, Lesser Servant of Makhleb, Renounce Religion


You were on level 8 of the Dungeon.
You worshipped Makhleb.
Makhleb was most pleased with you.
You were hungry.

You visited 3 branches of the dungeon, and saw 10 of its levels.
You also visited: Sewer.

You collected 332 gold pieces.

Inventory:

Hand Weapons
 a - a +1 war axe (weapon)
 g - a +3 flail
Armour
 c - a +1 shield (worn)
 o - a +0 cloak
 r - a scarf of repulsion (worn)
 s - a +0 pair of boots (worn)
 E - a +0 plate armour (worn)
Jewellery
 l - a ring of poison resistance (left hand)
 p - an uncursed amulet of rage
Wands
 e - a wand of acid (10)
 j - a wand of digging (4)
 x - a wand of iceblast (9)
Scrolls
 h - a scroll of magic mapping
 i - 3 scrolls of remove curse
 n - 3 scrolls of amnesia
 q - a scroll of identify
 y - a scroll of enchant armour
 z - 4 scrolls of teleportation
 D - 2 scrolls of enchant weapon
Potions
 d - 5 potions of might
 k - a potion of agility
 t - 3 potions of heal wounds
 u - 3 potions of curing
 v - 2 potions of haste
 B - a potion of mutation
 C - a potion of experience {unknown}
Books
 m - a book of Maledictions

   Spells                             Type                      Level
   a - Corona                         Hexes                        1
   b - Ensorcelled Hibernation        Hexes/Ice                    2
   c - Confuse                        Hexes                        3
   d - Tukima's Dance                 Hexes                        3
   e - Dazzling Spray                 Conjuration/Hexes            3
Comestibles
 f - 5 rations


   Skills:
 - Level 6.6 Fighting
 * Level 9.0 Axes
 - Level 7.9 Armour
 - Level 7.9 Shields
 + Level 3.8 Evocations


You had 8 spell levels left.
You didn't know any spells.

Dungeon Overview and Level Annotations

Branches:
Dungeon (8/15)             Temple (1/1) D:4            Lair (1/6) D:8

Altars:
Ashenzari
Cheibriados
Dithmenos
Elyvilon
Fedhas
Gozag
Hepliaklqana
Kikubaaqudgha
Makhleb
Nemelex Xobeh
Okawaru
Qazlal
Ru
Sif Muna
Trog
Uskayaw
Vehumet
Wu Jian
Xom
Yredelemnul
Zin
The Shining One

Shops:
D:5 *

Annotations:
D:8 inc's ghost, novice OpIE


Innate Abilities, Weirdness & Mutations

You are resistant to damage.
You can heal yourself by infusing magical energy.
You passively map the area around you.
You do not regenerate.


Message History

Unknown command.
Your shield and plate armour prevent you from hitting inc's ghost.
Inc's ghost is almost destroyed.
Inc's ghost hits you.
You barely miss inc's ghost.
Inc's ghost is almost destroyed.
Inc's ghost mumbles some strange words.
You closely miss inc's ghost.
Inc's ghost is almost destroyed.
You hit the ice beast but do no damage.
Inc's ghost ripples.
Inc's ghost casts a spell at you. You block the shard of ice.
The ice beast hits you but does no damage.
Your plate armour prevents you from hitting inc's ghost.
Inc's ghost is almost destroyed.
You barely miss the ice beast.
Inc's ghost stares at you and mumbles some strange words.
The shard of ice hits you!
You die...

##..###+## .....
###'##...########.....,
#..(.....#............ *
'....()..#..........
##..##)..#......... ,*
##..##...#.......# + *
...)##...#.......#, ,
....##...#.....Y.# ,
##..##...#..>...@# *
#..##...#......W#. ,,
#...#...#.......'... *
##..###+##.......###W***
....#..........### , *
....#..........#, *, **
##..+..........# , *
##..#..........# ,
....#....####### *


You could see an ice beast and inc's ghost.

Vanquished Creatures
  A komodo dragon (D:8)
  4 yaks (D:7)
  A hungry ghost (D:8)
  A sky beast (D:4)
  An ice beast (D:5)
  2 orc warriors (D:8)
  A phantom (D:7)
  2 ogres
  5 centaurs
  4 big kobolds
  3 bullfrogs
  A quasit (D:5)
  6 hounds
  A jelly (D:7)
  A centaur skeleton (D:4)
  4 orc priests
  Crazy Yiuf (D:3)
  3 orc wizards
  Jessica (D:2)
  2 iguanas
  5 worker ants
  A hound skeleton (D:7)
  19 adders
  2 shadow imps
  2 oozes (D:5)
  2 adder zombies
  4 worms
  3 leopard geckos
  33 orcs
  14 bats
  4 giant cockroaches
  9 goblins
  6 hobgoblins
  22 jackals
  7 quokkas
  4 ball pythons
  A ball python skeleton (D:6)
  7 frilled lizards
  A jackal skeleton (D:4)
  39 kobolds
  A leopard gecko skeleton (D:4)
  3 rats (D:3)
  6 plants
240 creatures vanquished.

Vanquished Creatures (collateral kills)
  A hornet (D:7)
1 creature vanquished.

Vanquished Creatures (others)
  6 plants
6 creatures vanquished.

Grand Total: 247 creatures vanquished

Notes
Turn   | Place    | Note
-------+----------+-------------------------------------------
     0 | D:1      | Hebeh the Deep Dwarf Fighter began the quest for the Orb.
     0 | D:1      | Reached XP level 1. HP: 20/20 MP: 1/1
   110 | D:1      | Reached XP level 2. HP: 25/27 MP: 2/2
   637 | D:2      | Noticed Jessica
   641 | D:2      | Killed Jessica
   641 | D:2      | Reached XP level 3. HP: 25/34 MP: 3/3
   713 | D:2      | Reached skill level 3 in Axes
   723 | D:2      | Reached XP level 4. HP: 20/42 MP: 4/4
  1437 | D:3      | Reached XP level 5. HP: 39/49 MP: 5/5
  1846 | D:3      | Found a shattered altar of Ashenzari.
  1981 | D:3      | Found a runed door.
  1985 | D:3      | Noticed Crazy Yiuf
  1993 | D:3      | Killed Crazy Yiuf
  2106 | D:4      | Found a staircase to the Ecumenical Temple.
  2118 | Temple   | Entered the Ecumenical Temple
  2368 | Temple   | Became a worshipper of Makhleb the Destroyer
  2412 | D:4      | Reached XP level 6. HP: 46/57 MP: 6/6
  2423 | D:4      | Noticed a sky beast
  2436 | D:4      | Killed a sky beast
  2436 | D:4      | Reached skill level 4 in Axes
  2462 | D:4      | Reached skill level 5 in Armour
  2462 | D:4      | Reached skill level 5 in Shields
  2883 | D:5      | Entered Level 5 of the Dungeon
  3021 | D:5      | Noticed an ice beast
  3029 | D:5      | Killed an ice beast
  3029 | D:5      | Reached XP level 7. HP: 47/66 MP: 7/7
  3055 | D:5      | Found a sparkling altar of Nemelex Xobeh.
  3103 | D:5      | Found a glowing drain.
  3131 | Sewer    | Entered a sewer
  3156 | Sewer    | Reached * piety under Makhleb
  4217 | D:5      | Reached skill level 5 in Axes
  4259 | D:5      | Found Cyushra's General Store.
  4283 | D:5      | Found a glowing silver altar of Zin.
  4322 | D:5      | Reached skill level 5 in Fighting
  4322 | D:5      | Reached XP level 8. HP: 48/74 MP: 6/6
  5003 | D:6      | Reached ** piety under Makhleb
  5258 | D:6      | Reached skill level 6 in Axes
  6022 | D:7      | Reached *** piety under Makhleb
  6042 | D:7      | Gained mutation: You passively map the area around you. [Deep Dwarf growth]
  6042 | D:7      | Reached XP level 9. HP: 44/82 MP: 4/4
  6046 | D:7      | Reached skill level 7 in Axes
  6200 | D:7      | Paralysed by a hornet for 2 turns
  6691 | D:8      | Reached skill level 1 in Evocations
  6763 | D:8      | Noticed a komodo dragon
  6780 | D:8      | Reached skill level 8 in Axes
  6788 | D:8      | Found a staircase to the Lair.
  6809 | D:8      | Killed a komodo dragon
  6866 | Lair:1   | Entered Level 1 of the Lair of Beasts
  7092 | D:8      | Reached skill level 9 in Axes
  7169 | D:8      | Noticed inc's ghost (novice OpIE)
  7222 | D:8      | Killed from afar by inc's ghost

Skill      XL: |  1  2  3  4  5  6  7  8  9 |
---------------+----------------------------+-----
Fighting       | 3 4 5 6 |  6.6
Axes           | 3 4 5 6 9 |  9.0
Armour         | 4 5 6 7 |  7.9
Shields        | 4 5 6 7 |  7.9
Evocations     | 3 |  3.8

Action                   |  1- 3 |  4- 6 |  7- 9 || total
-------------------------+-------+-------+-------++-------
Melee: War axe           |    89 |   191 |   627 ||   907
Invok: Minor Destruction |       |       |     2 ||     2
       Lesser Servant of |       |       |     1 ||     1
 Abil: Heal Wounds       |       |     6 |    25 ||    31
Evoke: Wand              |       |       |     3 ||     3
  Use: Scroll            |       |     9 |     9 ||    18
  Eat: Chunk             |       |     7 |    19 ||    26
Armor: Scale mail        |    53 |    74 |   187 ||   314
       Plate armour      |       |       |    55 ||    55
Dodge: Dodged            |    32 |    67 |   178 ||   277
       Deflected         |       |       |     4 ||     4
Block: Shield            |    66 |    91 |   378 ||   535
